 Dungeon Crawl Stone Soup version 0.20-a0-1009-gc986637 (webtiles) character file.

621 relicbr the Archer (level 7, -2/82 HPs)
             Began as a Centaur Hunter on Apr 14, 2017.
             Slain by a mummy (11 damage)
             ... in an ossuary.
             The game lasted 00:10:29 (4286 turns).

relicbr the Archer (Centaur Hunter)                 Turns: 4286, Time: 00:10:29

Health: -2/82      AC: 23    Str: 14    XL:     7   Next: 22%
Magic:  7/7        EV:  1    Int: 15    God:
Gold:   172        SH:  0    Dex: 19    Spells: 3/6 levels left

rFire    . . .     SeeInvis .   b - +0 short sword
rCold    . . .     Gourm    .   (no shield)
rNeg     + + +     Faith    .   (armour currently unavailable)
rPois    +         Spirit   .   (helmet currently unavailable)
rElec    .         Reflect  .   (cloak currently unavailable)
rCorr    .         Harm     .   (gloves currently unavailable)
MR       .....     NoTele   +   (no barding)
Stlth    +++.......             (no amulet)
Regen    0.3/turn               w - ring of flight
MPRegen  0.1/turn               (no ring)

@: brilliant, agile, tree-form
A: agile 1, blurry vision 1
a: no special abilities


You were in an ossuary.
You were not hungry.
You were a tree.
You visited 1 branch of the dungeon, and saw 4 of its levels.
You also visited: Ossuary.

You collected 172 gold pieces.

Inventory:

Hand Weapons
 a - a +2 shortbow
 b - a +0 short sword (weapon)
Missiles
 d - 51 arrows
Armour
 e - a cursed +0 ring mail (melded)
Jewellery
 w - a ring of flight (left branch)
Scrolls
 c - a scroll of enchant weapon
 h - a scroll of teleportation {unknown}
 i - a scroll of remove curse {unknown}
 k - 2 scrolls of noise {unknown}
 l - 2 scrolls of recharging
 m - a scroll of fear {unknown}
 n - 2 scrolls of fog
 o - a scroll of magic mapping {unknown}
Potions
 g - a potion of agility
 r - a potion of curing {unknown}
 s - a potion of haste
 u - a potion of heal wounds {unknown}
Books
 t - a book of Misfortune

   Spells                             Type                      Level
   a - Confusing Touch                Hexes                        1
   b - Confuse                        Hexes                        3
   c - Gell's Gravitas                Translocation                3
   d - Petrify                        Transmutation/Earth          4
   e - Metabolic Englaciation         Hexes/Ice                    5
   f - Yara's Violent Unravelling     Hexes/Transmutation          5
Comestibles
 f - 5 bread rations
 p - 3 meat rations


   Skills:
 - Level 2.0 Fighting
 * Level 11.3 Bows
 - Level 1.3 Dodging
 - Level 0.4 Stealth


You had 3 spell levels left.
You knew the following spells:

 Your Spells              Type           Power        Failure   Level  Hunger
a - Confuse               Hex            #.......     14%         3    ####...


Dungeon Overview and Level Annotations

Branches:
Dungeon (4/15)
 Temple: D:4-7

Altars:
Elyvilon


Innate Abilities, Weirdness & Mutations

((You have hooves in place of feet.))
((Armour fits poorly on your strangely shaped body.))
((You cover ground very quickly.))
((You have extremely tough skin. (AC +3)))
You are agile. (Dex +2)
Scrolls take you a little longer to read.


Message History

It was a potion of lignification.
You turn into a tree.
Your cursed +0 ring mail melds into your body.
Your roots penetrate the ground.
The mummy hits you but does no damage.
You hit the mummy but do no damage.
The mummy is moderately damaged.
You hit the mummy.
The mummy is moderately damaged.
The mummy hits you but does no damage.
You barely miss the mummy.
The mummy is moderately damaged.
The mummy completely misses you.
You hit the mummy.
The mummy is heavily damaged.
You barely miss the mummy.
The mummy is heavily damaged.
The mummy hits you but does no damage.
You hit the mummy.
The mummy is severely damaged.
The mummy hits you!
You die...

#...........#
##.........##
#...........#
##...ZZ....##
#....ZZZ....#
#####ZZZ#####
##Z## #M# #♣#
#$$$# #$$$$$#
#$$$$$#
#$$$$$#
##$$$## #####


You could see a mummy, a goblin zombie, 2 hobgoblin zombies, a gnoll zombie, 2
big kobold zombies, an orc zombie and 2 human zombies.

Vanquished Creatures
  Grinder (D:3)
  Sigmund (D:2)
  The ghost of Zubeida the Conjurer, an amateur DECj (D:3)
  A centaur zombie (Ossuary)
  Terence (D:2)
  2 mummies
  8 adders
  An ooze (D:3)
  An adder skeleton (D:4)
  A worm (D:3)
  2 dart slugs
  A leopard gecko (D:3)
  2 orcs
  5 giant cockroaches
  6 goblins
  4 hobgoblins
  2 jackals (D:4)
  7 kobolds
  A quokka (D:2)
  8 bats
  A frilled lizard (D:3)
  A hobgoblin zombie (Ossuary)
  An orc zombie (Ossuary)
  3 rats
62 creatures vanquished.

Notes
Turn   | Place    | Note
-------+----------+-------------------------------------------
     0 | D:1      | relicbr the Centaur Hunter began the quest for the Orb.
     0 | D:1      | Reached XP level 1. HP: 17/17 MP: 1/1
   438 | D:1      | Reached XP level 2. HP: 24/24 MP: 2/2
   541 | D:1      | Reached skill level 6 in Bows
   660 | D:2      | Noticed Sigmund
   687 | D:2      | Reached XP level 3. HP: 21/29 MP: 3/3
   807 | D:2      | Gained mutation: Scrolls take you a little longer to read. [potion of mutation]
   807 | D:2      | Gained mutation: You are agile. (Dex +2) [potion of mutation]
  1241 | D:2      | Reached skill level 7 in Bows
  1532 | D:2      | Killed Sigmund
  1532 | D:2      | Reached skill level 9 in Bows
  1532 | D:2      | Reached XP level 4. HP: 16/36 MP: 4/4
  1532 | D:2      | Reached XP level 5. HP: 18/41 MP: 5/5
  1569 | D:2      | Noticed Terence
  1592 | D:2      | Killed Terence
  1875 | D:2      | Learned a level 3 spell: Confuse
  2353 | D:3      | Noticed Grinder
  2361 | D:3      | Paralysed by Grinder for 2 turns
  2376 | D:3      | Killed Grinder
  2376 | D:3      | Reached skill level 10 in Bows
  2376 | D:3      | Reached XP level 6. HP: 19/48 MP: 6/6
  2885 | D:3      | Noticed Zubeida's ghost (amateur DECj)
  2901 | D:3      | Killed Zubeida's ghost
  3102 | D:3      | Reached XP level 7. HP: 55/55 MP: 7/7
  3153 | D:3      | Reached skill level 11 in Bows
  4082 | D:4      | Found a white marble altar of Elyvilon.
  4179 | D:4      | Found a sand-covered staircase.
  4192 | Ossuary  | Entered an ossuary
  4286 | Ossuary  | Slain by a mummy

Vault maps used:
D:1:      dpeg_arrival_rhombus, minmay_tree_intersection, serial_bayou_ford_a,
          dk_noncrumbling_2, minmay_pentomino_r2
D:2:      first_bread, uniq_sigmund, uniq_terence
D:3:      uniq_grinder
D:4:      nicolae_overflow_crystal_walls, gup_ossuary_entry_pyramid,
          patterned_corridor, uniq_robin, uniq_crazy_yiuf_cottage, uniq_natasha
Ossuary:  minmay_ossuary_gauntlet

Skill      XL: |  1  2  3  4  5  6  7 |
---------------+----------------------+-----
Bows           | 6 9 10 11 | 11.3
Fighting       | |  2.0
Dodging        | |  1.3
Stealth        | |  0.4

Action                   |  1- 3 |  4- 6 |  7- 9 || total
-------------------------+-------+-------+-------++-------
Melee: Short sword       |    61 |    76 |   126 ||   263
       Kick              |    14 |    16 |    45 ||    75
 Fire: Shortbow          |    20 |    34 |    11 ||    65
  Use: Potion            |     1 |       |     4 ||     5
       Scroll            |       |     4 |     1 ||     5
  Eat: Chunk             |     1 |     5 |     2 ||     8
       Fruit             |       |       |     1 ||     1
Armor: Ring mail         |    18 |    40 |    48 ||   106
       Leather armour    |     1 |       |       ||     1
       Skin              |       |       |     3 ||     3
Dodge: Dodged            |    35 |    42 |    60 ||   137
